 Dungeon Sprint DCSS version 0.17-a0-2101-g0c122e7 (webtiles) character file.

340 tp1 the Eclecticist (level 6, -19/32 HPs)
             Began as a Deep Elf Conjurer on Oct 18, 2015.
             Demolished by a boulder beetle (39 damage)
             ... in the Dungeon (Sprint II: "The Violet Keep of Menkaure").
             The game lasted 00:05:19 (522 turns).

tp1 the Eclecticist (Deep Elf Conjurer)              Turns: 522, Time: 00:05:21

Health: -19/32     AC:  2    Str:  5    XL:     6   Next: 30%
Magic:  4/26       EV: 13    Int: 22    God:
Gold:   486        SH:  0    Dex: 15    Spells: 4 memorised, 25 levels left

rFire  . . .     SeeInvis .     (no weapon)
rCold  . . .     Clarity  .     a - +0 robe
rNeg   . . .     SustAt   .     (no shield)
rPois  .         Gourm    .     (no helmet)
rElec  .         Spirit   .     (no cloak)
rCorr  .         Warding  .     (no gloves)
rMut   .         NoTele   +     (no boots)
MR     .....                    (no amulet)
Stlth  +.........               (no ring)
                                (no ring)

@: not resistant to hostile enchantments, very unstealthy
A: no striking features
a: no special abilities


You were in the Dungeon.
You were not hungry.

You visited 1 branch You collected 486 gold pieces.

Inventory:

Armour
 a - a +0 robe (worn)
Scrolls
 i - a scroll of blinking
Potions
 d - a potion of curing
 g - a potion of magic
Books
 b - a book of Conjurations

   Spells                             Type                      Level
   a - Magic Dart                     Conjuration                  1
   b - Searing Ray                    Conjuration                  2
   c - Dazzling Spray                 Conjuration/Hexes            3
   d - Fulminant Prism                Conjuration/Hexes            4
   e - Iskenderun's Mystic Blast      Conjuration                  4
   f - Iskenderun's Battlesphere      Conjuration/Charms           5
Comestibles
 c - a bread ration
 f - 4 chunks of flesh


   Skills:
 - Level 2.4 Dodging
 - Level 2.4 Stealth
 - Level 15.5 Spellcasting
 - Level 4.3 Conjurations
 + Level 6.5 Charms


You had 25 spell levels left.
You knew the following spells:

 Your Spells              Type           Power        Failure   Level  Hunger
a - Magic Dart            Conj           ####         1%          1    None
b - Searing Ray           Conj           #####.       1%          2    None
c - Dazzling Spray        Conj/Hex       ####....     4%          3    None
d - Iskenderun's Battles  Conj/Chrm      #####...     12%         5    ##.....


Dungeon Overview and Level Annotations

Branches:
Dungeon (1/1)

Altars:

Shops:
D ?(*}%([!=!![%

Annotations:
D exclusion: oklob plant


Message History

Press: ? - help, Shift-Dir - straight line, f/p - boulder beetle
Aim: a boulder beetle (sparse dust, moderately wounded)
The searing ray hits the boulder beetle.
The boulder beetle is moderately wounded.
Your battlesphere fires!
The barrage of energy hits the boulder beetle.
The boulder beetle is moderately wounded.
Casting: Searing Ray
Confirm with . or Enter, or press ? or * to list all spells.
Aiming: Searing Ray
Press: ? - help, Shift-Dir - straight line, f/p - boulder beetle
Aim: a boulder beetle (moderately wounded)
The searing ray hits the boulder beetle.
The boulder beetle is heavily wounded.
Your battlesphere fires!
The barrage of energy hits the boulder beetle.
The boulder beetle is heavily wounded.
The boulder beetle bites you!!!
Ouch! That really hurt!
You die...

≈## ########≈≈#+++#
########≈≈≈....
.......#≈≈≈≈.#
...⌠...#≈≈≈≈#
..∩.∩..#≈≈≈≈#
.∩.∩.∩.#≈≈### ##
∩.∩.∩.∩#≈##.###+###.#
.∩...∩*#@#§B$##.##..#
∩.....∩'≈B###§.<.B.#
.......#≈#...##.##.#
▓▓▓▓▓###≈##.###'###.#
.Y######≈≈####.#.####
$E# ##≈≈≈#.##..# P
#+#≈###..## ≈
#≈≈##'##≈§≈≈
##≈≈≈≈≈≈≈≈§§≈


You could see an iron elemental, a death yak and a boulder beetle.

Vanquished Creatures
  4 brain worms (D)
  A crocodile (D)
  3 worms (D)
8 creatures vanquished.

Vanquished Creatures (others)
  Menkaure (D)
1 creature vanquished.

Grand Total: 9 creatures vanquished

Notes
Turn   | Place    | Note
--------------------------------------------------------------
     0 | D        | tp1 the Deep Elf Conjurer began the quest for the Orb.
     0 | D        | Reached XP level 1. HP: 10/10 MP: 6/6
     4 | D        | Noticed a brain worm
     4 | D        | Noticed a brain worm
     4 | D        | Noticed a brain worm
     4 | D        | Noticed a brain worm
    13 | D        | Killed a brain worm
    13 | D        | Reached skill level 10 in Spellcasting
    13 | D        | Reached XP level 2. HP: 15/15 MP: 4/15
    13 | D        | Reached XP level 3. HP: 19/19 MP: 4/17
    13 | D        | Reached XP level 4. HP: 24/24 MP: 4/18
    27 | D        | Killed a brain worm
    27 | D        | Reached skill level 12 in Spellcasting
    35 | D        | Killed a brain worm
    35 | D        | Reached skill level 14 in Spellcasting
    35 | D        | Reached XP level 5. HP: 23/28 MP: 15/23
    45 | D        | Killed a brain worm
    45 | D        | Reached skill level 15 in Spellcasting
    45 | D        | Reached XP level 6. HP: 11/32 MP: 10/26
    50 | D        | Learned a level 2 spell: Searing Ray
    54 | D        | Learned a level 3 spell: Dazzling Spray
    60 | D        | Learned a level 5 spell: Iskenderun's Battlesphere
    77 | D        | Killed Menkaure
   352 | D        | Noticed a boulder beetle
   352 | D        | Noticed a boulder beetle
   363 | D        | Noticed an orange crystal statue
   371 | D        | Found Fig Qits's Food Emporium.
   372 | D        | Found Sishrag's Distillery.
   373 | D        | Found Xemiatept's Jewellery Emporium.
   374 | D        | Found Teghorph's Antique Armour Shoppe.
   375 | D        | Found Keamyu's Antique Weapon Shoppe.
   375 | D        | Found Puixtug's Distillery.
   375 | D        | Found Ufacojeg's Food Emporium.
   394 | D        | Found Tymaez's Gadget Shoppe.
   394 | D        | Found Leifi's Distillery.
   394 | D        | Found Pautrun's Assorted Antiques.
   395 | D        | Found Kevvoedi's Antique Armour Shoppe.
   398 | D        | Found Rariq's Weapon Shoppe.
   398 | D        | Found Afeppom's Magic Scroll Emporium.
   398 | D        | Noticed a crocodile
   398 | D        | Noticed a death yak
   398 | D        | Noticed an oklob plant
   404 | D        | Killed a crocodile
   409 | D        | Noticed an iron elemental
   522 | D        | Demolished by a boulder beetle

Vault maps used:
D:        the_violet_keep_of_menkaure

Action                   |  1- 3 |  4- 6 || total
-------------------------+-------+-------++-------
Melee: Unarmed           |     6 |    10 ||    16
 Cast: Magic Dart        |     2 |    25 ||    27
       Searing Ray       |       |     9 ||     9
       Dazzling Spray    |       |     4 ||     4
       Iskenderun's Batt |       |     2 ||     2
  Use: Potion            |     1 |     3 ||     4
